AoeStats
← no one

Pilgrims

509932584Analyzed
3v3 RM · 4d ago on Sep 28, 2026· 19m 17s· 6 players
Game mode
Random Map
Map size
Normal (6 player)
Population
200
Speed
Normal
Resources
Standard
Victory
Conquest
Starting age
Dark Age
Ending age
Imperial Age
RankedLock teamsTeams togetherTeam positionsShared explorationLock speedFull tech treeHidden civsTurbo modeCheats
Victory
Defeat
🇭🇺 Dravidians · Hungary
1361
+14
🇭🇺 Vikings · Hungary
1342
+14
🇭🇺 Byzantines · Hungary
1301
+16
🇹🇷 Goths · Türkiye
1340
-16
🇵🇱 Slavs · Poland
1290
-14
🇦🇷 Celts · Argentina
1287
-14
Borowik
5:59 Loom
13:53 Feudal Age
17:53 Fletching
no one
3:20 Loom
10:38 Feudal Age
11:08 Double-Bit Axe
12:17 Fletching
15:07 Horse Collar
reckem3
7:51 Loom
9:51 Feudal Age
10:38 Man-at-Arms
16:02 Castle Age
15:19 Scale Mail Armor
17:15 Squires
17:33 Chain Mail Armor
violachaos
3:38 Loom
11:38 Feudal Age
12:17 Double-Bit Axe
Leto_DavE
8:49 Loom
10:35 Feudal Age
17:48 Castle Age
16:11 Double-Bit Axe
17:30 Fletching
koole
5:37 Loom
12:08 Feudal Age
12:41 Town Watch
12:42 Double-Bit Axe
14:18 Fletching
Connection lost

Rejoining the realm…

Still unreachable

The connection could not be restored.

Session expired

The server has moved on; the page needs a fresh start.